 Dungeon Sprint DCSS version 0.30-a0-1160-g6e42c06551 (webtiles) character file.

Game seed: 11219265163313342239

4100000 123456 the Conqueror (level 22, -20/275 HPs)
             Began as an Ogre Fighter on Apr 26, 2023.
             Was the Champion of Makhleb.
             Demolished by a destroyer
             ... wielding a +9 heavy great sword
              (189 damage)
             ... in the Dungeon (Sprint VIII: "Arena of Blood").
             The game lasted 00:02:08 (41 turns).

123456 the Conqueror (Ogre Fighter)                   Turns: 41, Time: 00:02:09

Health: -20/275    AC:  4    Str: 26    XL:     22   Next: 29%
Magic:  21/40      EV: 25    Int:  9    God:    Makhleb [******]
Gold:   0          SH:  0    Dex: 16    Spells: 49/49 levels left

rFire   . . .        j - +∞ Axe of Woe
rCold   . . .        (shield currently unavailable)
rNeg    . . .        a - +0 robe
rPois   .            (helmet restricted)
rElec   .            (no cloak)
rCorr   .            (gloves unavailable)
SInv    .            (boots unavailable)
Will    ++...        (no amulet)
Stlth   +++++        (no ring)
HPRegen 0.65/turn    (no ring)
MPRegen 0.27/turn

%: no teleportation
@: no status effects
A: large, unfitting armour, tough skin 1
a: Renounce Religion, Minor Destruction, Lesser Servant of Makhleb, Major
Destruction, Greater Servant of Makhleb


You were in the Dungeon.
You worshipped Makhleb.
Makhleb was exalted by your worship.
You visited 1 branch

Inventory:

Hand Weapons
 j - the +∞ Axe of Woe (weapon)
   (You found it in the Dungeon)
Armour
 a - a +0 robe (worn)
 b - a +0 kite shield
Scrolls
 i - a scroll of blinking
Potions
 c - a potion of might
 d - a potion of curing
 e - a potion of heal wounds
 f - a potion of haste
 g - 2 potions of magic
 h - a potion of berserk rage


   Skills:
 O Level 27 Fighting
 + Level 11.9(13.9) Short Blades
 + Level 11.9(13.9) Long Blades
 O Level 27 Axes
 + Level 11.9(21.0) Maces & Flails
 + Level 12.9(22.7) Polearms
 + Level 12.9(17.0) Staves
 + Level 10.0 Ranged Weapons
 + Level 12.9 Throwing
 + Level 11.0 Armour
 O Level 27 Dodging
 + Level 10.9 Stealth
 O Level 27 Shields
 O Level 27 Unarmed Combat
 + Level 14.0 Spellcasting
 + Level 11.9 Conjurations
 + Level 13.2 Hexes
 + Level 11.9 Summonings
 + Level 11.9 Necromancy
 + Level 11.9 Translocations
 + Level 11.9 Transmutations
 + Level 13.2 Fire Magic
 + Level 13.2 Ice Magic
 + Level 13.2 Air Magic
 + Level 13.2 Earth Magic
 + Level 13.2 Poison Magic
 + Level 15.5 Invocations
 + Level 12.2 Evocations


You had 49 spell levels left.
You didn't know any spells.
Your spell library was empty.

Dungeon Overview and Level Annotations

Branches:
Dungeon (1/1)

Altars:
Makhleb


Innate Abilities, Weirdness & Mutations

You are too large for most types of armour.
You have tough skin. (AC +1)


Message History

Your Invocations skill increases to level 15!
You have reached level 22!
Unknown command.
Unknown command.
You dice the meat berserker like an onion!!!
You cleave the meat berserker in twain.
You kill the meat berserker!
Makhleb accepts your kill.
You feel better.
You are engulfed in blazing flames.
You hear a shout!
A destroyer comes into view. It is wielding a +9 heavy great sword.
You hear a shout!
The destroyer points at you and mumbles some strange words.
The destroyer blinks!
You hear a shout!
A bag of meat comes into view. It is wielding a +9 war axe.
A meat berserker comes into view. It is wielding a +9 battleaxe.
You hear a shout!
Your Ranged Weapons skill increases to level 10!
Your Armour skill increases to level 11!
Your Spellcasting skill increases to level 14!
Your Hexes skill increases to level 13!
Your Fire Magic skill increases to level 13!
Your Ice Magic skill increases to level 13!
Your Air Magic skill increases to level 13!
Your Earth Magic skill increases to level 13!
Your Poison Magic skill increases to level 13!
Your Evocations skill increases to level 12!
Unknown command.
Unknown command. 2 bags of meat come into view.
The accursed appears out of thin air!
An accursed comes into view.
You are engulfed in blazing flames.
The meat berserker hits you with a +9 battleaxe!!!!
A destroyer comes into view. It is wielding a +9 heavy great sword.
A sculptor of flesh comes into view. It is wielding a +9 great sword.
The destroyer hits you with a +9 heavy great sword!!!!!
Ouch! That really hurt!
You die...

...###... ..###.
o.......###z.....
#.o......_.....
..... #.))..#
......#_)○)_# .
......#§))o.#..z.
#.....)§)_O......
......§§###......
...###V§@V.o.###.
#§M§O...#
#.o§....#
.....z.o....
......o..o.o.
........OV.....
.............##
...#...o.o..#V


You could see an accursed (wandering), 4 destroyers, 2 sculptors of flesh, 2
meat berserkers and 9 bags of meat.

Vanquished Creatures
  2 vampire knights (D)
  9 ogres (D)
  5 two-headed ogres (D)
  32 orcs (D)
48 creatures vanquished.

Notes
Turn   | Place    | Note
-------+----------+-------------------------------------------
     0 | D        | Found the +∞ Axe of Woe
     0 | D        | 123456 the Ogre Fighter began the quest for the Orb.
     0 | D        | Reached XP level 1. HP: 24/24 MP: 1/1
     1 | D        | Noticed a bag of meat
     1 | D        | Noticed a bag of meat
     1 | D        | Noticed a bag of meat
     2 | D        | Noticed a bag of meat
     2 | D        | Noticed a bag of meat
     3 | D        | Noticed a bag of meat
     4 | D        | Noticed a bag of meat
     4 | D        | Noticed a bag of meat
     5 | D        | Noticed a meat berserker
     5 | D        | Noticed a bag of meat
     5 | D        | Noticed a bag of meat
     7 | D        | Killed a bag of meat
     7 | D        | Noticed a bag of meat
     8 | D        | Reached XP level 2. HP: 63/63 MP: 2/2
     8 | D        | Reached XP level 3. HP: 72/72 MP: 3/3
     8 | D        | Reached XP level 4. HP: 81/81 MP: 4/4
     8 | D        | Reached XP level 5. HP: 89/89 MP: 5/5
     8 | D        | Reached XP level 6. HP: 100/100 MP: 6/6
     8 | D        | Reached XP level 7. HP: 107/107 MP: 7/7
     8 | D        | Reached XP level 8. HP: 117/117 MP: 8/8
     8 | D        | Reached XP level 9. HP: 126/126 MP: 9/9
     8 | D        | Reached XP level 10. HP: 135/135 MP: 10/10
     8 | D        | Reached XP level 11. HP: 143/143 MP: 11/11
     8 | D        | Killed a bag of meat
     8 | D        | Killed a bag of meat
     8 | D        | Killed a bag of meat
     8 | D        | Noticed a bag of meat
     8 | D        | Noticed a bag of meat
     9 | D        | Reached XP level 12. HP: 131/170 MP: 12/12
     9 | D        | Reached XP level 13. HP: 138/179 MP: 13/13
     9 | D        | Killed a bag of meat
     9 | D        | Killed a bag of meat
     9 | D        | Noticed a meat berserker
    10 | D        | Reached skill level 10 in Axes
    10 | D        | Reached skill level 10 in Unarmed Combat
    10 | D        | Reached XP level 14. HP: 152/196 MP: 14/14
    10 | D        | Killed a meat berserker
    10 | D        | Killed a bag of meat
    10 | D        | Killed a bag of meat
    10 | D        | Noticed a meat berserker
    11 | D        | Reached skill level 27 in Fighting
    11 | D        | Reached skill level 15 in Axes
    11 | D        | Reached XP level 15. HP: 160/206 MP: 15/15
    12 | D        | Killed a meat berserker
    13 | D        | Reached XP level 16. HP: 84/217 MP: 16/16
    13 | D        | Killed a meat berserker
    16 | D        | Became a worshipper of Makhleb the Destroyer
    16 | D        | Noticed a large bag of meat
    17 | D        | Reached * piety under Makhleb
    18 | D        | Reached skill level 27 in Shields
    18 | D        | Reached XP level 17. HP: 90/226 MP: 17/17
    18 | D        | Noticed a meat berserker
    20 | D        | Noticed a large bag of meat
    20 | D        | Killed a large bag of meat
    21 | D        | Reached skill level 27 in Axes
    21 | D        | Reached skill level 27 in Dodging
    21 | D        | Noticed a meat berserker
    21 | D        | Noticed a destroyer
    21 | D        | Noticed a large bag of meat
    22 | D        | Noticed a meat berserker
    22 | D        | Noticed a meat berserker
    23 | D        | Killed a destroyer
    23 | D        | Reached ** piety under Makhleb
    23 | D        | Noticed a large bag of meat
    24 | D        | Reached XP level 18. HP: 56/236 MP: 18/18
    25 | D        | Killed a meat berserker
    25 | D        | Noticed a meat berserker
    26 | D        | Killed a meat berserker
    26 | D        | Reached *** piety under Makhleb
    26 | D        | Killed a large bag of meat
    27 | D        | Reached skill level 27 in Unarmed Combat
    27 | D        | Reached XP level 19. HP: 80/245 MP: 19/19
    27 | D        | Reached **** piety under Makhleb
    28 | D        | Reached skill level 5 in Polearms
    28 | D        | Reached skill level 5 in Staves
    28 | D        | Reached skill level 5 in Throwing
    28 | D        | Reached skill level 5 in Spellcasting
    28 | D        | Reached skill level 5 in Hexes
    28 | D        | Reached skill level 5 in Fire Magic
    28 | D        | Reached skill level 5 in Ice Magic
    28 | D        | Reached skill level 5 in Air Magic
    28 | D        | Reached skill level 5 in Earth Magic
    28 | D        | Reached skill level 5 in Poison Magic
    28 | D        | Killed a meat berserker
    29 | D        | Reached skill level 5 in Short Blades
    29 | D        | Reached skill level 5 in Long Blades
    29 | D        | Reached skill level 5 in Maces & Flails
    29 | D        | Reached skill level 5 in Armour
    29 | D        | Reached skill level 5 in Stealth
    29 | D        | Reached skill level 5 in Conjurations
    29 | D        | Reached skill level 5 in Summonings
    29 | D        | Reached skill level 5 in Necromancy
    29 | D        | Reached skill level 5 in Translocations
    29 | D        | Reached skill level 5 in Transmutations
    29 | D        | Reached skill level 5 in Evocations
    30 | D        | Killed a meat berserker
    30 | D        | Noticed a large bag of meat
    31 | D        | Reached skill level 5 in Ranged Weapons
    31 | D        | Noticed a destroyer
    31 | D        | Noticed a large bag of meat
    31 | D        | Noticed a destroyer
    32 | D        | Reached ***** piety under Makhleb
    33 | D        | Reached XP level 20. HP: 78/256 MP: 19/32
    34 | D        | Reached skill level 10 in Invocations
    34 | D        | Killed a meat berserker
    35 | D        | Reached skill level 10 in Spellcasting
    35 | D        | Killed a destroyer
    35 | D        | Reached ****** piety under Makhleb
    35 | D        | Killed a large bag of meat
    36 | D        | Reached skill level 10 in Short Blades
    36 | D        | Reached skill level 10 in Long Blades
    36 | D        | Reached skill level 10 in Maces & Flails
    36 | D        | Reached skill level 10 in Conjurations
    36 | D        | Reached skill level 10 in Summonings
    36 | D        | Reached skill level 10 in Necromancy
    36 | D        | Reached skill level 10 in Translocations
    36 | D        | Reached skill level 10 in Transmutations
    36 | D        | Reached skill level 10 in Evocations
    36 | D        | Reached XP level 21. HP: 189/265 MP: 20/36
    36 | D        | Noticed a meat berserker
    36 | D        | Noticed a meat berserker
    36 | D        | Noticed a destroyer
    38 | D        | Killed a large bag of meat
    39 | D        | Reached skill level 10 in Armour
    39 | D        | Reached skill level 10 in Stealth
    39 | D        | Killed a large bag of meat
    40 | D        | Reached skill level 15 in Invocations
    40 | D        | Reached XP level 22. HP: 253/275 MP: 21/39
    40 | D        | Noticed a destroyer
    41 | D        | Reached skill level 10 in Ranged Weapons
    41 | D        | Noticed a destroyer
    41 | D        | Demolished by a destroyer

Illustrated notes

Levels and vault maps discovered:
D:        meatsprint

Skill      XL: |  1  2  3  4  5  6  7  8  9 10 11 12 13 14 15 16 17 18 19 20 21 22 |
---------------+-------------------------------------------------------------------+-----
Fighting       | 18 24 26 27 | 27.0
Axes           | 3 8 10 15 21 25 27 | 27.0
Dodging        | 13 17 19 21 24 25 27 | 27.0
Shields        | 14 18 19 22 25 27 | 27.0
Unarmed Combat | 7 9 10 11 13 14 22 27 | 27.0
Short Blades   | 7 10 11 | 11.9
Long Blades    | 7 10 11 | 11.9
Maces & Flails | 7 10 11 | 11.9
Polearms       | 7 11 12 | 12.9
Staves         | 7 11 12 | 12.9
Ranged Weapons | 5 8 9 10 | 10.0
Throwing       | 7 11 12 | 12.9
Armour         | 6 9 10 11 | 11.0
Stealth        | 6 9 10 | 10.9
Spellcasting   | 8 11 13 14 | 14.0
Conjurations   | 7 10 11 | 11.9
Hexes          | 8 11 12 13 | 13.2
Summonings     | 7 10 11 | 11.9
Necromancy     | 7 10 11 | 11.9
Translocations | 7 10 11 | 11.9
Transmutations | 7 10 11 | 11.9
Fire Magic     | 8 11 12 13 | 13.2
Ice Magic      | 8 11 12 13 | 13.2
Air Magic      | 8 11 12 13 | 13.2
Earth Magic    | 8 11 12 13 | 13.2
Poison Magic   | 8 11 12 13 | 13.2
Invocations    | 9 13 15 | 15.5
Evocations     | 7 10 11 12 | 12.2

Action                     |  1- 3 |  4- 6 |  7- 9 | 10-12 | 13-15 | 16-18 | 19-21 | 22-24 || total
---------------------------+-------+-------+-------+-------+-------+-------+-------+-------++-------
  Melee: Executioner's axe |     1 |       |       |     1 |     4 |     7 |    11 |     1 ||    25
  Dodge: Dodged            |       |       |       |       |     1 |       |       |       ||     1

Table legend: (Time is in decaauts)
 A = Elapsed time spent in this place.
 B = Non-inter-level travel time spent in this place.
 C = Inter-level travel time spent in this place.
 D = Time resting spent in this place.
 E = Time spent auto-exploring this place.
 F = Levels seen in this place.
 G = Mean time per level.
                   A        B        C        D        E       F      G
               +--------+--------+--------+--------+--------+-----+--------+
         Total |     37 |     37 |      0 |      0 |      0 |   1 |   37.0 |
       Dungeon |     37 |     37 |      0 |      0 |      0 |   1 |   37.0 |
               +--------+--------+--------+--------+--------+-----+--------+

Top non-repeatable levels by time:
       D: 37 daAuts
